 Dungeon Crawl Stone Soup version 0.21.1-1-g345015fe64 (webtiles) character file.

72 Lukaosk the Skirmisher (level 4, -6/35 HPs)
             Began as a Demonspawn Abyssal Knight on June 15, 2018.
             Was a Believer of Lugonu.
             Killed by divine providence
             ... invoked by an orc priest
              (14 damage)
             ... on level 3 of the Dungeon.
             The game lasted 00:14:11 (1663 turns).

Lukaosk the Skirmisher (Demonspawn Abyssal Knight)  Turns: 1663, Time: 00:14:12

Health: -6/35      AC:  8    Str: 14    XL:     4   Next: 7%
Magic:  6/6        EV:  5    Int: 13    God:    Lugonu [**....]
Gold:   75         SH:  8    Dex: 12    Spells: 3/3 levels left

rFire    + . .     SeeInvis .   a - +3 hand axe
rCold    + . .     Gourm    .   i - +0 buckler
rNeg     . . .     Faith    .   n - +0 chain mail
rPois    +         Spirit   .   (no helmet)
rElec    +         Reflect  .   (no cloak)
rCorr    +         Harm     .   (no gloves)
MR       .....                  (no boots)
Stlth    ..........             (no amulet)
HPRegen  0.11/turn              (no ring)
MPRegen  0.10/turn              (no ring)

@: resistant
A: claws 1, large bone plates 1
a: Depart the Abyss, Bend Space, Renounce Religion


You were on level 3 of the Dungeon.
You worshipped Lugonu.
Lugonu was pleased with you.
You were hungry.

You visited 1 branch of the dungeon, and saw 3 of its levels.
You visited the Abyss 1 time.

You collected 75 gold pieces.

Inventory:

Hand Weapons
 a - a +3 hand axe (weapon)
Missiles
 e - 39 arrows
 l - 105 stones (quivered)
 s - 7 tomahawks
Armour
 i - a +0 buckler (worn)
 n - a +0 chain mail (worn)
Jewellery
 g - a cursed ring of protection from magic
 h - an uncursed ring of protection from fire
 j - an uncursed ring of protection from fire
 r - a cursed amulet of inaccuracy
Scrolls
 b - a scroll of blinking {unknown}
 d - a scroll of teleportation
 f - a scroll of amnesia {unknown}
 k - 2 scrolls of magic mapping
Potions
 m - a potion of ambrosia
 o - a potion of berserk rage
Comestibles
 c - 4 rations
 p - 2 chunks of flesh


   Skills:
 - Level 3.1 Fighting
 + Level 2.6 Axes
 + Level 2.5 Armour
 - Level 0.8 Dodging
 + Level 1.4 Shields
 - Level 2.9 Invocations


You had 3 spell levels left.
You didn't know any spells.

Dungeon Overview and Level Annotations

Branches:
Dungeon (3/15)

Altars:
Ru


Innate Abilities, Weirdness & Mutations

You have sharp fingernails.
You are partially covered in large bone plates. (SH +4)


Message History

You block the kobold's attack.
You are feeling hungry.
You block the kobold's attack.
You see here a quokka skeleton.
The kobold hits you.
* * * LOW HITPOINT WARNING * * *
You feel protected. The kobold hits you.
* * * LOW HITPOINT WARNING * * *
You are too injured to fight recklessly!
You are too injured to fight recklessly!
You slash the kobold!
You kill the kobold!
Lugonu accepts your kill.
You slash the orc!
You kill the orc!
Lugonu accepts your kill.
The orc priest invokes the aid of Beogh against you.
Beogh smites you!
You die...

##.##...#.#.#...#.#.#......
#....#......._...o........
#.##.###.#.#...#.#.#......
#.##.# #.#.##.##o#.#......
#.##.. #.#...÷...#.# .....
####.#.#.####.####.# ..K..
#.###...........# ....
#.#.######o###### .gw.
###.....@...)..#
........†....#.#
.###.....#.....#
###.....####### # ........#
..# #####...####....#
#....†......# #....##.....#
#....# ....#


You could see an orc priest.

Vanquished Creatures
  2 adders
  An ooze (D:3)
  2 worms
  An orc (D:3)
  2 bats
  2 giant cockroaches
  6 goblins
  2 hobgoblins (D:1)
  4 jackals
  A quokka (D:3)
  2 frilled lizards
  10 kobolds
  6 rats
41 creatures vanquished.

Notes
Turn   | Place    | Note
-------+----------+-------------------------------------------
     0 | Abyss:1  | Lukaosk the Demonspawn Abyssal Knight began the quest for the Orb.
     0 | Abyss:1  | Reached XP level 1. HP: 18/18 MP: 2/2
    37 | D:1      | Escaped the Abyss
   413 | D:1      | Gained mutation: You are partially covered in large bone plates. (SH +4) [demonic ancestry]
   413 | D:1      | Reached XP level 2. HP: 21/24 MP: 4/4
   951 | D:2      | Reached XP level 3. HP: 29/29 MP: 5/5
  1034 | D:2      | Reached ** piety under Lugonu
  1034 | D:2      | Reached skill level 1 in Shields
  1560 | D:3      | Found a sacrificial altar of Ru.
  1642 | D:3      | Gained mutation: You have sharp fingernails. [demonic ancestry]
  1642 | D:3      | Reached XP level 4. HP: 22/35 MP: 6/6
  1663 | D:3      | Killed from afar by an orc priest

Skill      XL: |  1  2  3 |
---------------+----------+-----
Axes           | 2 |  2.6
Armour         | 2 |  2.5
Shields        | 1 |  1.4
Fighting       | |  3.1
Dodging        | |  0.8
Invocations    | |  2.9

Action                   |  1- 3 |  4- 6 || total
-------------------------+-------+-------++-------
Melee: Hand axe          |   117 |     6 ||   123
Throw: Stone             |     1 |       ||     1
  Use: Scroll            |    11 |       ||    11
       Potion            |       |     1 ||     1
  Eat: Chunk             |     2 |       ||     2
Armor: Leather armour    |     4 |       ||     4
       Chain mail        |    51 |     4 ||    55
Dodge: Dodged            |    39 |       ||    39
Block: Buckler           |    45 |     3 ||    48
